AoeStats
← Warcanoe

Arena

505036315Analyzed
4v4 RM · 25d ago on Sep 7, 2026· 55m 23s· 8 players
Game mode
Random Map
Map size
Large (8 player)
Population
200
Speed
Normal
Resources
Standard
Victory
Conquest
Starting age
Dark Age
Ending age
Imperial Age
RankedLock teamsTeams togetherTeam positionsShared explorationLock speedFull tech treeHidden civsTurbo modeCheats
Victory
Defeat
🇨🇦 Mongols · Canada
1214
+16
🇨🇴 Vietnamese · Colombia
1211
+16
🇷🇺 Khmer · Russia
1205
+16
🇩🇪 Lithuanians · Germany
1170
+17
🇨🇭 Vietnamese · Switzerland
1233
-17
🇺🇸 Burgundians · United States
1221
-17
🇨🇳 Persians · China
1205
-16
🇮🇳 Hindustanis · India
1175
-15
LiningAnt984921
9:57 Feudal Age
13:33 Castle Age
11:43 Double-Bit Axe
12:03 Horse Collar
14:58 Bow Saw
23:26 Loom
24:34 Wheelbarrow
25:06 Heavy Plow
26:06 Hand Cart
25:48 Gold Mining
26:12 Town Watch
29:43 Imperial Age
27:43 Scale Barding Armor
27:49 Forging
28:01 Ballistics
27:52 Masonry
28:26 Town Patrol
28:54 Chain Barding Armor
28:49 Scale Mail Armor
29:49 Gold Shaft Mining
29:44 Murder Holes
29:22 Pikeman
31:33 Chemistry
30:57 Conscription
31:36 Iron Casting
32:21 Crop Rotation
31:43 Stone Mining
32:57 Plate Barding Armor
32:49 Double Crossbow
34:16 Chain Mail Armor
34:45 Stone Shaft Mining
33:44 Halberdier
34:23 Arson
36:39 Elite Ballista Elephant
37:56 Architecture
37:43 Siege Engineers
39:33 Blast Furnace
40:21 Architecture
41:30 Fletching
41:41 Padded Archer Armor
42:33 Bodkin Arrow
44:35 Bracer
46:15 Hoardings
46:38 Husbandry
47:39 Leather Archer Armor
48:57 Bloodlines
48:09 Light Cavalry
49:21 Ring Archer Armor
49:03 Fortified Wall
49:35 Tusk Swords
49:06 Hussar
51:21 Elite Battle Elephant
Greiffović
7:39 Loom
10:21 Feudal Age
14:49 Castle Age
13:03 Double-Bit Axe
13:41 Horse Collar
15:28 Scale Barding Armor
17:46 Fervor
19:29 Bow Saw
20:45 Heavy Plow
24:28 Wheelbarrow
31:47 Imperial Age
29:49 Stone Mining
30:23 Forging
31:11 Stone Shaft Mining
31:05 Chain Barding Armor
31:13 Bloodlines
31:12 Husbandry
31:30 Gold Mining
32:24 Iron Casting
32:04 Fortified Wall
32:05 Masonry
31:50 Cavalier
32:46 Hand Cart
33:03 Crop Rotation
33:27 Plate Barding Armor
34:22 Chemistry
33:18 Murder Holes
33:35 Paladin
34:25 Treadmill Crane
35:15 Architecture
34:56 Fletching
35:07 Padded Archer Armor
35:07 Scale Mail Armor
35:01 Town Watch
36:20 Two-Man Saw
36:47 Conscription
37:06 Pikeman
37:46 Squires
37:38 Halberdier
38:34 Chain Mail Armor
38:33 Tower Shields
39:08 Hoardings
39:41 Arson
40:26 Town Patrol
44:33 Bodkin Arrow
[MAD1] killmeifyoucan
10:20 Feudal Age
12:37 Double-Bit Axe
15:25 Castle Age
16:26 Crossbowman
17:41 Gold Mining
19:02 Fletching
20:53 Thumb Ring
22:08 Wheelbarrow
26:16 Hand Cart
25:47 Loom
25:48 Town Watch
32:24 Bloodlines
32:14 Husbandry
32:26 Light Cavalry
36:04 Forging
41:03 Bodkin Arrow
41:09 Padded Archer Armor
42:50 Leather Archer Armor
43:11 Iron Casting
42:41 Scale Barding Armor
43:47 Gold Shaft Mining
44:26 Elite Skirmisher
48:34 Caravan
52:24 Imperial Age
50:18 Bow Saw
51:11 Chain Barding Armor
51:52 Ballistics
53:13 Arbalester
54:19 Parthian Tactics
54:51 Hussar
56:13 Drill
HanniBaalTricks
7:06 Loom
10:48 Feudal Age
16:03 Castle Age
13:54 Horse Collar
14:13 Double-Bit Axe
17:07 Bow Saw
26:41 Town Watch
26:58 Stone Mining
26:59 Gold Mining
29:57 Fletching
32:03 Bodkin Arrow
34:47 Imperial Age
33:00 Ballistics
32:38 Murder Holes
33:11 Padded Archer Armor
34:32 Leather Archer Armor
34:37 Pikeman
35:18 Squires
35:20 Scale Mail Armor
36:55 Wheelbarrow
37:11 Chain Mail Armor
36:38 Halberdier
39:09 Plate Mail Armor
39:33 Paper Money
41:03 Forging
43:15 Hand Cart
43:27 Bracer
49:45 Thumb Ring
50:24 Ring Archer Armor
APPM
3:28 Double-Bit Axe
10:31 Feudal Age
10:07 Horse Collar
11:14 Heavy Plow
11:24 Bow Saw
17:31 Castle Age
15:50 Stone Mining
15:56 Gold Mining
19:44 Wheelbarrow
21:08 Gold Shaft Mining
21:09 Stone Shaft Mining
22:18 Loom
22:49 Hand Cart
24:55 Cavalier
25:36 Husbandry
29:04 Imperial Age
27:29 Scale Barding Armor
27:48 Forging
30:07 Chain Barding Armor
29:24 Paladin
31:37 Plate Barding Armor
31:26 Conscription
32:46 Chemistry
32:59 Iron Casting
35:38 Burgundian Vineyards
36:40 Padded Archer Armor
41:31 Light Cavalry
45:40 Herbal Medicine
48:10 Blast Furnace
47:42 Hussar
51:56 Onager
Warcanoe
11:30 Feudal Age
12:08 Double-Bit Axe
12:06 Horse Collar
20:15 Castle Age
18:39 Fletching
21:11 Bodkin Arrow
21:17 Padded Archer Armor
22:27 Wheelbarrow
21:38 Loom
22:06 Heavy Plow
22:18 Bow Saw
22:09 Elite Skirmisher
23:18 Gold Mining
26:31 Hand Cart
29:19 Stone Mining
32:08 Stone Shaft Mining
32:25 Leather Archer Armor
32:21 Forging
32:17 Scale Barding Armor
35:09 Imperial Age
33:50 Bloodlines
33:41 Husbandry
33:52 Town Watch
37:09 Crop Rotation
37:40 Elite Battle Elephant
39:29 Iron Casting
39:16 Chain Barding Armor
41:33 Chemistry
41:33 Chatras
42:01 Paper Money
43:34 Plate Barding Armor
44:15 Bracer
44:46 Ring Archer Armor
43:52 Imperial Skirmisher
44:40 Thumb Ring
44:39 Sappers
孤鸿
10:11 Feudal Age
14:06 Castle Age
12:38 Double-Bit Axe
13:18 Horse Collar
15:37 Loom
19:48 Bow Saw
21:42 Wheelbarrow
21:37 Stone Mining
22:48 Heavy Plow
22:44 Gold Mining
24:51 Stone Shaft Mining
28:43 Hand Cart
31:19 Imperial Age
29:30 Scale Barding Armor
30:55 Chain Barding Armor
30:46 Forging
32:10 Conscription
32:21 Guilds
32:27 Elite War Elephant
33:44 Plate Barding Armor
33:11 Husbandry
34:41 Two-Man Saw
34:55 Iron Casting
34:43 Masonry
35:15 Crop Rotation
35:19 Devotion
36:15 Hoardings
36:11 Ballistics
36:35 Bloodlines
37:27 Blast Furnace
38:05 Hoardings
38:21 Murder Holes
38:57 Architecture
39:29 Chemistry
40:56 Citadels
ayushdy2004
10:36 Feudal Age
14:18 Castle Age
12:45 Double-Bit Axe
14:10 Horse Collar
15:21 Bow Saw
20:45 Gold Mining
22:47 Loom
23:45 Wheelbarrow
22:59 Loom
23:50 Wheelbarrow
32:07 Imperial Age
29:40 Scale Mail Armor
30:11 Hand Cart
34:22 Heavy Plow
34:17 Town Watch
35:39 Town Patrol
35:31 Fletching
37:34 Gold Shaft Mining
36:50 Stone Mining
38:50 Chemistry
38:11 Ballistics
38:22 Padded Archer Armor
40:13 Leather Archer Armor
40:37 Shatagni
40:58 Conscription
44:24 Siege Engineers
45:31 Grand Trunk Road
45:52 Conscription
45:52 Scale Barding Armor
45:48 Light Cavalry
46:39 Bloodlines
46:29 Husbandry
46:38 Hussar
49:38 Chain Barding Armor
49:29 Forging
51:06 Plate Barding Armor
50:28 Bodkin Arrow
51:04 Ring Archer Armor
53:29 Heavy Camel Rider
Connection lost

Rejoining the realm…

Still unreachable

The connection could not be restored.

Session expired

The server has moved on; the page needs a fresh start.